 Dungeon Crawl Stone Soup version 0.27-a0-1502-g47ed6a6988 (webtiles) character file.

Game seed: 933190712206525818

771 Lanoc the Reanimator (level 7, -4/54 HPs)
             Began as a Deep Elf Necromancer on July 9, 2021.
             Was a Priest of Nemelex Xobeh.
             Slain by Grinder (5 damage)
             ... on level 5 of the Dungeon.
             The game lasted 00:07:49 (5951 turns).

Lanoc the Reanimator (Deep Elf Necromancer)         Turns: 5951, Time: 00:07:50

Health: -4/54      AC:  4    Str:  5    XL:     7   Next: 53%
Magic:  13/13      EV: 14    Int: 22    God:    Nemelex Xobeh [***...]
Gold:   206        SH:  0    Dex: 15    Spells: 4/12 levels left

rFire    + + .     SeeInvis .   (no weapon)
rCold    + + .     Faith    .   (no shield)
rNeg     . . .     Spirit   .   o - +2 robe {rC+ rF+}
rPois    +         Reflect  .   (no helmet)
rElec    +         Harm     .   (no cloak)
rCorr    +         Rampage  .   (no gloves)
Will     .....                  (no boots)
Stlth    ..........             j - amulet of magic regeneration
HPRegen  0.18/turn              l - ring of poison resistance
MPRegen  0.38/turn              (no ring)

@: berserking (expiring), resistant, flying, very quick
A: no striking features
a: Renounce Religion, Draw Escape, Draw Destruction, Draw Summoning, Triple Draw


You were on level 5 of the Dungeon.
You worshipped Nemelex Xobeh.
Nemelex Xobeh was most pleased with you.
You visited 2 branches of the dungeon, and saw 6 of its levels.

You collected 206 gold pieces.

Inventory:

Armour
 o - a +2 robe of resistance (worn)
Jewellery
 j - an amulet of magic regeneration (around neck)
 l - a ring of poison resistance (left hand)
Scrolls
 a - 3 scrolls of identify {unknown}
 b - 2 scrolls of amnesia {unknown}
 c - a scroll of noise {unknown}
 d - a scroll of torment {unknown}
 f - a scroll of magic mapping {unknown}
 g - 3 scrolls of brand weapon {unknown}
 i - a scroll of immolation {unknown}
 q - a scroll of acquirement {unknown}
Potions
 e - 2 potions of heal wounds
 n - a potion of attraction {unknown}
 p - a potion of degeneration {unknown}
 r - a potion of curing {unknown}


   Skills:
 + Level 5.5 Dodging
 - Level 2.4 Stealth
 - Level 3.0 Spellcasting
 * Level 8.7 Necromancy
 + Level 4.2 Invocations


You had 4 spell levels left.
You knew the following spells:

 Your Spells              Type           Power      Damage    Failure   Level
a - Pain                  Necr           100%       1d9       1%          1
b - Vampiric Draining     Necr           20%        2d8       1%          3
h - Animate Dead          Necr           20%        N/A       3%          4

Your spell library contained the following spells:

 Spells                   Type           Power      Damage    Failure   Level
 Animate Skeleton         Necr           82%        N/A       1%          1
 Blink                    Tloc           N/A        N/A       19%         2
 Lesser Beckoning         Tloc           1%         N/A       36%         3
 Agony                    Necr           41%        N/A       10%         5
 Manifold Assault         Tloc           3%         N/A       98%         5


Dungeon Overview and Level Annotations

Branches:
Dungeon (5/15)             Temple (1/1) D:4

Altars:
Ashenzari
Cheibriados
Dithmenos
Fedhas
Hepliaklqana
Kikubaaqudgha
Makhleb
Nemelex Xobeh
Okawaru
Qazlal
Sif Muna
Uskayaw
Vehumet
Wu Jian
Xom
Zin
The Shining One

Shops:
D:2 ?**

Annotations:
D:5 Grinder


Message History

Grinder hits you!
You writhe in agony.
It was a potion of flight.
You feel very buoyant.
You fly up into the air.
Grinder hits you.
It was a potion of berserk rage.
A red film seems to cover your vision as you go berserk!
You feel yourself moving faster!
You feel mighty! Grinder completely misses you.
You closely miss Grinder.
Grinder is heavily wounded.
You hit Grinder.
Grinder is severely wounded.
Grinder gestures at you. Pain shoots through your body!
You closely miss Grinder.
Grinder is severely wounded.
Grinder hits you.
You writhe in agony.
You hit Grinder.
Grinder is almost dead.
You hit Grinder.
Grinder is almost dead.
Grinder hits you.
* * * LOW HITPOINT WARNING * * *
You writhe in agony.
* * * LOW HITPOINT WARNING * * *
You closely miss Grinder.
Grinder is almost dead.
The centaur shouts!
Grinder gestures at you. You resist with some effort.
You closely miss Grinder.
Grinder is almost dead.
You hit Grinder.
Grinder is almost dead.
Grinder says, "DUCK!"
Grinder hits you!
* * * LOW HITPOINT WARNING * * *
You writhe in agony.
You die...
Your body glows slightly and disappears.

### ... #.. . .# #.
#.# ... .. #.# .#.
.# #.# .. .# #.#
#c###.# ##.###
..#..# #....# #5#.##
.....# #@#.# .....#
#.######.##.# ...#.#
#...........# ..<#.#
######.#.#### .....#
#.#.#
.....###########.#.#
.......(......##.#.#
...##########.##.#.#
...# #......#


You could see Grinder and a centaur.

Vanquished Creatures
  Edmund (D:5)
  A necrophage (D:5)
  A centaur (D:5)
  A phantom (D:5)
  A scorpion (D:4)
  A howler monkey (D:5)
  2 jellies
  A bullfrog zombie (D:5)
  A centaur skeleton (D:5)
  An iguana (D:4)
  A killer bee zombie (D:5)
  4 gnolls
  6 adders
  An ufetubus (D:3)
  2 worms
  A dart slug (D:1)
  An orc (D:5)
  2 ball pythons
  7 bats
  9 endoplasms
  7 giant cockroaches
  5 goblins
  5 hobgoblins
  6 jackals
  2 kobolds
  2 quokkas
  3 frilled lizards
  A rat (D:1)
76 creatures vanquished.

Vanquished Creatures (collateral kills)
  A centaur zombie (D:5)
  A gnoll (D:5)
2 creatures vanquished.

Grand Total: 78 creatures vanquished

Notes
Turn   | Place    | Note
-------+----------+-------------------------------------------
     0 | D:1      | Lanoc the Deep Elf Necromancer began the quest for the Orb.
     0 | D:1      | Reached XP level 1. HP: 10/10 MP: 6/6
    89 | D:1      | Reached skill level 5 in Necromancy
   279 | D:1      | Found a faded altar of an unknown god.
   299 | D:1      | Became a worshipper of Nemelex Xobeh the Trickster
   299 | D:1      | Reached * piety under Nemelex Xobeh
   299 | D:1      | Received a gift from Nemelex Xobeh
   341 | D:1      | Reached XP level 2. HP: 13/15 MP: 6/8
  1146 | D:1      | Received a gift from Nemelex Xobeh
  1271 | D:2      | Found Ciuts's Assorted Antiques.
  1319 | D:2      | Found Gafint's General Store.
  1535 | D:2      | Reached XP level 3. HP: 4/19 MP: 0/9
  1840 | D:2      | Learned a level 3 spell: Vampiric Draining
  1841 | D:2      | Found Vovapid's Magic Scroll Boutique.
  2068 | D:2      | Reached skill level 1 in Invocations
  2109 | D:2      | Reached ** piety under Nemelex Xobeh
  2514 | D:3      | Reached skill level 6 in Necromancy
  2672 | D:3      | Reached XP level 4. HP: 21/24 MP: 7/10
  2814 | D:3      | Found a stormy altar of Qazlal.
  3152 | D:3      | Found a hazy altar of Hepliaklqana.
  3167 | D:3      | Found an ancient bone altar of Kikubaaqudgha.
  3567 | D:4      | Found a staircase to the Ecumenical Temple.
  3572 | Temple   | Entered the Ecumenical Temple
  3829 | D:4      | Reached XP level 5. HP: 24/28 MP: 2/11
  3834 | D:4      | Learned a level 4 spell: Animate Dead
  3960 | D:4      | Found a shimmering altar of Xom.
  4167 | D:4      | Reached *** piety under Nemelex Xobeh
  4340 | D:4      | Received a gift from Nemelex Xobeh
  4395 | D:4      | Reached skill level 7 in Necromancy
  4651 | D:5      | Entered Level 5 of the Dungeon
  4659 | D:5      | Noticed a centaur
  5071 | D:5      | Killed a centaur
  5072 | D:5      | Reached XP level 6. HP: 20/32 MP: 4/12
  5271 | D:5      | Noticed Edmund
  5276 | D:5      | Killed Edmund
  5325 | D:5      | Reached skill level 5 in Dodging
  5325 | D:5      | Reached skill level 8 in Necromancy
  5325 | D:5      | Reached XP level 7. HP: 36/36 MP: 13/13
  5828 | D:5      | Noticed Grinder
  5838 | D:5      | Identified the -1 quarterstaff of Reason {drain, rF- rN+
                  | Will+ Int+5}
  5951 | D:5      | HP: 1/54 [Grinder (8)]
  5951 | D:5      | Slain by Grinder

Illustrated notes

Levels and vault maps discovered:
D:1:      nicolae_arrival_washed_ashore, layout_loops_ring,
          shapermc_ecumenical_altar_starsandcircs
D:2:      layout_loops_ring, serial_shops, nicolae_shop_statue_plus,
          nicolae_shop_waterfront, shop, supply_closet_lemuel
D:3:      layout_loops_ring, grunt_qazlal_sundering, mainiacjoe_overflow_swirl
D:4:      layout_cave_pods, mainiacjoe_overflow_boulevard, temple_doors_e
D:5:      layout_loops_ring, hangedman_decor_points, glass_columns_b,
          minmay_holes, kennysheep_windowed_goal, uniq_edmund, uniq_grinder
Temple:   nicolae_temple_x_marks_the_god

Skill      XL: |  1  2  3  4  5  6  7 |
---------------+----------------------+-----
Necromancy     | 5 6 7 8 |  8.7
Dodging        | 3 4 5 |  5.5
Invocations    | 1 2 3 4 |  4.2
Stealth        | |  2.4
Spellcasting   | |  3.0

Action                   |  1- 3 |  4- 6 |  7- 9 || total
-------------------------+-------+-------+-------++-------
Melee: Unarmed           |       |       |    20 ||    20
 Cast: Pain              |    62 |    57 |    28 ||   147
       Vampiric Draining |       |    12 |       ||    12
Invok: Draw Destruction  |     1 |     4 |     7 ||    12
       Draw Escape       |       |       |     3 ||     3
       Draw Summoning    |       |       |     3 ||     3
  Use: Potion            |       |       |     4 ||     4
Armor: Robe              |     2 |     6 |     6 ||    14
Dodge: Dodged            |     2 |    24 |    16 ||    42

Table legend: (Time is in decaauts)
 A = Elapsed time spent in this place.
 B = Non-inter-level travel time spent in this place.
 C = Inter-level travel time spent in this place.
 D = Time resting spent in this place.
 E = Time spent auto-exploring this place.
 F = Levels seen in this place.
 G = Mean time per level.
                   A        B        C        D        E       F      G
               +--------+--------+--------+--------+--------+-----+--------+
         Total |   5952 |   5775 |    177 |    459 |   4811 |   6 |  992.0 |
       Dungeon |   5948 |   5771 |    177 |    459 |   4811 |   5 | 1189.6 |
        Temple |      4 |      4 |      0 |      0 |      0 |   1 |    4.0 |
               +--------+--------+--------+--------+--------+-----+--------+

Top non-repeatable levels by time:
     D:4: 1496 daAuts
     D:1: 1271 daAuts
     D:3: 1262 daAuts
     D:2: 1010 daAuts
     D:5: 908 daAuts
  Temple: 4 daAuts
